AoeStats
← hishighness

Glade

510835572Analyzed
1v1 RM · 17h ago on Oct 2, 2026· 69m 2s· 2 players
Game mode
Random Map
Map size
Tiny (2 player)
Population
200
Speed
Normal
Resources
Standard
Victory
Conquest
Starting age
Dark Age
Ending age
Imperial Age
RankedLock teamsTeams togetherTeam positionsShared explorationLock speedFull tech treeHidden civsTurbo modeCheats
Victory
Defeat
🇵🇪 Georgians · Peru
717
+16
🇩🇪 Maya · Germany
707
-16
hishighness
1:40 Loom
13:42 Feudal Age
14:49 Horse Collar
14:59 Double-Bit Axe
18:11 Forging
18:01 Scale Mail Armor
23:21 Town Watch
26:44 Castle Age
26:02 Gold Mining
26:05 Stone Mining
28:18 Eagle Warrior
29:02 Squires
29:41 Iron Casting
29:21 Chain Mail Armor
30:16 Pikeman
33:39 Bow Saw
40:47 Imperial Age
38:55 Ballistics
42:41 Capped Ram
43:27 Halberdier
45:59 Chemistry
47:07 Blast Furnace
47:36 Plate Mail Armor
49:40 Siege Ram
61:11 Fletching
61:22 Padded Archer Armor
62:18 Conscription
62:56 Bodkin Arrow
63:17 Leather Archer Armor
63:42 Thumb Ring
65:05 Two-Man Saw
64:00 Elite Skirmisher
64:46 Bracer
65:16 Ring Archer Armor
65:56 Heavy Plow
66:45 Ring Archer Armor
65:47 Elite Skirmisher
67:56 Hul'che Javelineers
CaElike
8:44 Feudal Age
8:21 Loom
9:10 Double-Bit Axe
13:08 Wheelbarrow
14:34 Horse Collar
20:38 Castle Age
19:01 Stone Mining
19:42 Forging
20:12 Scale Barding Armor
22:16 Town Watch
23:39 Light Cavalry
25:20 Bow Saw
25:04 Gold Mining
28:18 Bloodlines
31:58 Stone Shaft Mining
35:38 Imperial Age
33:47 Husbandry
34:20 Heavy Plow
37:31 Crop Rotation
39:12 Conscription
38:58 Aznauri Cavalry
39:03 Svan Towers
40:25 Chemistry
39:25 Hussar
41:36 Chain Barding Armor
42:48 Hand Cart
42:50 Elite Monaspa
44:22 Ballistics
44:47 Iron Casting
44:48 Plate Barding Armor
50:39 Masonry
50:25 Murder Holes
54:12 Blast Furnace
53:13 Scale Mail Armor
54:17 Blast Furnace
54:05 Parthian Tactics
54:36 Hoardings
56:42 Heavy Cavalry Archer
59:38 Padded Archer Armor
59:29 Fletching
62:56 Hand Cart
62:42 Town Patrol
62:07 Onager
64:08 Aznauri Cavalry
63:52 Siege Onager
64:18 Heavy Scorpion
65:50 Leather Archer Armor
65:30 Bodkin Arrow
67:21 Bracer
67:02 Siege Onager
67:20 Siege Onager
Connection lost

Rejoining the realm…

Still unreachable

The connection could not be restored.

Session expired

The server has moved on; the page needs a fresh start.